 Dungeon Crawl Stone Soup version 0.32-a0-886-g41c5271027 (webtiles) character file.

Game seed: 15925662973331948056

102 Leszczynek the Trooper (level 4, -3/48 HPs)
             Began as an Oni Warper on Apr 2, 2024.
             Slain by an orc
             ... wielding a +1 vampiric whip
              (5 damage)
             ... on level 3 of the Dungeon.
             The game lasted 00:07:17 (1203 turns).

Leszczynek the Trooper (Oni Warper)                 Turns: 1203, Time: 00:07:17

Health: -3/48      AC: -5    Str: 12 (15) XL:     4   Next: 77%
Magic:  7/7        EV:  8    Int: 11 (14) God:
Gold:   120        SH:  0    Dex:  8 (10) Spells: 7/7 levels left

rFire   . . .        n - +0 flail
rCold   + . .        (no shield)
rNeg    . . .        b - +0 robe
rPois   .            (helmet restricted)
rElec   .            (no cloak)
rCorr   .            (gloves unavailable)
SInv    .            (boots unavailable)
Will    .....        (no amulet)
Stlth   +            q - ring of protection from cold
HPRegen 0.28/turn    (no ring)
MPRegen 0.10/turn

%: no passive effects
@: brilliant, corroded
A: large, unfitting armour, horns 1, tough skin 1, double potion healing,
drunken brawling
a: no special abilities


You were on level 3 of the Dungeon.
You visited 1 branch of the dungeon, and saw 4 of its levels.

You collected 120 gold pieces.

Inventory:

Hand Weapons
 a - a +0 mace
 n - a +0 flail (weapon)
Missiles
 d - 5 darts of dispersal (quivered)
 s - 8 poisoned darts
Armour
 b - a +0 robe (worn)
Jewellery
 l - an amulet of faith
 q - a ring of protection from cold (left hand)
Wands
 m - a wand of flame (52)
Scrolls
 c - a scroll of blinking
 f - a scroll of fog {unknown}
 i - a scroll of identify {unknown}
 j - a scroll of teleportation {unknown}
 p - a scroll of butterflies {unknown}
 r - a scroll of fear {unknown}
 t - a scroll of torment {unknown}
Potions
 e - a potion of magic {unknown}
 g - a potion of lignification {unknown}
 h - a potion of brilliance
 k - a potion of degeneration
 o - a potion of berserk rage {unknown}
 u - 2 potions of curing {unknown}


   Skills:
 + Level 4.2 Fighting
 * Level 4.1 Maces & Flails
 - Level 1.0 Throwing
 - Level 2.1 Dodging
 - Level 2.4 Spellcasting
 - Level 2.6 Translocations


You had 7 spell levels left.
You didn't know any spells.
Your spell library contained the following spells:

 Spells                   Type           Power      Damage    Failure   Level
 Blink                    Tloc           20%        N/A       14%         2
 Lesser Beckoning         Tloc           20%        N/A       14%         2
 Maxwell's Portable Pile  Tloc           10%        2d(6-16)  28%         3
 Teleport Other           Tloc           10%        N/A       28%         3
 Jinxbite                 Hex            2%         N/A       38%         2
 Sigil of Binding         Hex            1%         N/A       63%         3
 Vhi's Electric Charge    Tloc/Air       12%        N/A       85%         4
 Yara's Violent Unravell  Hex/Alch       0%         3d3       100%        5
 Death Channel            Necr           0%         N/A       100%        6
 Sculpt Simulacrum        Ice/Alch       0%         N/A       100%        6
 Enfeeble                 Hex            0%         N/A       100%        7


Dungeon Overview and Level Annotations

Branches:
Dungeon (4/15)
 Temple: D:4-7

Altars:
Makhleb

Annotations:
D:2 Sigmund


Innate Abilities, Weirdness & Mutations

You are too large for most types of armour.
You have a pair of small horns on your head.
You have tough skin. (AC +1)
You gain doubled healing and magic from potions.
Whenever you drink a healing potion, you attack all around you.


Message History

Press: ? - help, Q - select action, (/) - cycle Shift-Dir - straight line, f - jelly
Aim: a jelly (88% to hit)
You throw a dart of dispersal.
The dart of dispersal barely misses the jelly.
The orc hits you with a +0 club. The jelly barely misses you.
Throw: 6 darts (disperse)
Press: ? - help, Q - select action, (/) - cycle Shift-Dir - straight line, f/p - jelly
Aim: a jelly (88% to hit)
You throw a dart of dispersal. The dart of dispersal hits the jelly.
The jelly blinks!
The orc barely misses you.
You hit the orc. Your headbutt misses the orc.
The orc is moderately wounded.
The orc hits you with a +0 club.
You completely miss the orc.
The orc is moderately wounded.
The orc hits you but does no damage. The jelly hits you but does no damage.
You hit the orc. You headbutt the orc.
The orc is almost dead.
The jelly hits you. The acid corrodes you!
You are splashed with acid!
The orc barely misses you. The jelly closely misses you.
The orc barely misses you.
You closely miss the orc.
The orc is almost dead.
The orc hits you with a +0 club. The jelly barely misses you.
You hit the orc but do no damage. You headbutt the orc.
You kill the orc!
The jelly hits you. The acid corrodes you!
You are splashed with acid!
It was a potion of brilliance.
You feel clever all of a sudden. The jelly hits you.
You are splashed with acid!
* * * LOW HITPOINT WARNING * * *
The orc hits you with a +1 vampiric whip!
* * * LOW HITPOINT WARNING * * *
Unknown command.
It was a potion of degeneration.
There was something very wrong with that liquid.
You feel weakened.
You feel dopey.
You feel clumsy.
The orc hits you with a +1 vampiric whip.
You die...

#####.####.#
#.........# #..... #
#......# #.###.##.##
#.##.# #.##.### #.
#.##.# #.##.#
#.#...# #. #.##.#
#.##.. ####.#.....
###.##.# #.####
#....#...###
#...##.######.####
#.########
#.#...............
#.#
#o#.########..####
#[# #@#.. #..###.
#.#
#J#####.####..##..
#.# #.# #...........
#)# #.# #...........
#.#############.#
#.#.#####....
#...............#
#.# #.# #....
#.################.#
#.####... #.#
#####...## ##.......
#.# #.....##.##
##.#####..


You could see a jelly and an orc.

Vanquished Creatures
  Ijyb (D:3)
  2 adders (D:2)
  A ribbon worm (D:2)
  3 orcs (D:3)
  6 bats
  4 endoplasms
  4 giant cockroaches
  4 goblins
  3 hobgoblins
  4 jackals (D:1)
  3 quokkas
  5 ball pythons
  A frilled lizard (D:2)
  5 kobolds
  8 rats
54 creatures vanquished.

Notes
Turn   | Place    | Note
-------+----------+-------------------------------------------
     0 | D:1      | Leszczynek the Oni Warper began the quest for the Orb.
     0 | D:1      | Reached XP level 1. HP: 22/22 MP: 3/3
    97 | D:1      | Reached skill level 3 in Fighting
   106 | D:1      | Reached XP level 2. HP: 24/31 MP: 5/5
   267 | D:1      | Reached skill level 3 in Maces & Flails
   272 | D:1      | Reached XP level 3. HP: 37/37 MP: 6/6
   682 | D:2      | Reached XP level 4. HP: 44/48 MP: 7/7
   778 | D:2      | Noticed Sigmund
   844 | D:3      | Noticed Ijyb
   854 | D:3      | Killed Ijyb
   855 | D:3      | Reached skill level 4 in Fighting
   855 | D:3      | Reached skill level 4 in Maces & Flails
  1026 | D:3      | Found a burning altar of Makhleb.
  1202 | D:3      | HP: 2/48 [orc/+1 vampiric whip (8)]
  1203 | D:3      | Slain by an orc

Illustrated notes

Levels and vault maps discovered:
D:1:      erik_arrival_blinker_ship, layout_rooms
D:2:      layout_basic, wad_floor_pattern_1, grunt_ministairs_13, st_stairs_12,
          chequers_jeans, minmay_split_cup_small, uniq_sigmund
D:3:      layout_loops_ring, lightli_temple_of_fire, uniq_ijyb
D:4:      layout_cave_pools, nicolae_yredelemnul_corpse_copse, uniq_eustachio,
          uniq_blork_the_orc

Skill      XL: |  1  2  3  4 |
---------------+-------------+-----
Fighting       | 3 4 |  4.2
Maces & Flails | 3 4 |  4.1
Throwing       | |  1.0
Dodging        | |  2.1
Spellcasting   | |  2.4
Translocations | |  2.6

Action                     |  1- 3 |  4- 6 || total
---------------------------+-------+-------++-------
  Melee: Mace              |    63 |       ||    63
         Headbutt          |    15 |     9 ||    24
         Flail             |    41 |    61 ||   102
  Throw: Dart              |       |     2 ||     2
    Use: Potion            |       |     2 ||     2
 Armour: Robe              |    86 |    66 ||   152
  Dodge: Dodged            |    62 |    47 ||   109

Table legend: (Time is in decaauts)
 A = Elapsed time spent in this place.
 B = Non-inter-level travel time spent in this place.
 C = Inter-level travel time spent in this place.
 D = Time resting spent in this place.
 E = Time spent auto-exploring this place.
 F = Levels seen in this place.
 G = Mean time per level.
                   A        B        C        D        E       F      G
               +--------+--------+--------+--------+--------+-----+--------+
         Total |   1241 |   1042 |    199 |     10 |      0 |   4 |  310.2 |
       Dungeon |   1241 |   1042 |    199 |     10 |      0 |   4 |  310.2 |
               +--------+--------+--------+--------+--------+-----+--------+

Top non-repeatable levels by time:
     D:3: 428 daAuts
     D:2: 428 daAuts
     D:1: 380 daAuts
     D:4: 4 daAuts
